 Dungeon Crawl Stone Soup version 0.30-a0-916-g9813417 (webtiles) character file.

Game seed: 6413479345674834441

65 Kel the Poker (level 4, -1/28 HPs)
             Began as a Gargoyle Gladiator on Mar 21, 2023.
             Slain by a goblin
             ... wielding a +0 club
             ... led by Robin
              (4 damage)
             ... on level 2 of the Dungeon.
             The game lasted 00:02:20 (1397 turns).

Kel the Poker (Gargoyle Gladiator)                  Turns: 1397, Time: 00:02:21

Health: -1/28      AC: 10    Str: 19    XL:     4   Next: 14%
Magic:  4/4        EV: 10    Int:  9    God:
Gold:   121        SH:  0    Dex: 11    Spells: 3/3 levels left

rFire   . . .      SeeInvis .    a - +0 trident
rCold   . . .      Faith    .    (no shield)
rNeg    + . .      Spirit   .    p - +0 scale mail
rPois   ∞          Reflect  .    c - +0 helmet
rElec   +          Rampage  .    (no cloak)
rCorr   .                        (no gloves)
Will    .....                    (no boots) Stlth
                                 (no amulet)
HPRegen 0.24/turn                (no ring)
MPRegen 0.09/turn                (no ring)

@: no status effects
A: sickness immunity, AC +3, negative energy resistance 1, electricity
resistance, torment resistance 1, petrification resistance
a: no special abilities


You were on level 2 of the Dungeon.
You visited 1 branch of the dungeon, and saw 2 of its levels.

You collected 121 gold pieces.

Inventory:

Hand Weapons
 a - a +0 trident (weapon)
Missiles
 d - 3 throwing nets (quivered)
 e - a javelin
Armour
 b - a +0 leather armour
 c - a +0 helmet (worn)
 p - a +0 scale mail (worn)
Jewellery
 o - an amulet of the acrobat
Scrolls
 i - a scroll of fear {unknown}
 j - a scroll of immolation {unknown}
 k - a scroll of butterflies {unknown}
 l - 3 scrolls of identify {unknown}
 n - 2 scrolls of fog {unknown}
Potions
 f - 2 potions of brilliance {unknown}
 g - a potion of heal wounds {unknown}
 h - a potion of magic {unknown}
 m - a potion of curing {unknown}


   Skills:
 + Level 3.0 Fighting
 + Level 3.2 Polearms
 + Level 2.4 Throwing
 + Level 2.9 Dodging


You had 3 spell levels left.
You didn't know any spells.
Your spell library was empty.

Dungeon Overview and Level Annotations

Branches:
Dungeon (2/15)

Altars:

Annotations:
D:2 Robin


Innate Abilities, Weirdness & Mutations

You are immune to sickness and miasma.
Your stone body is resilient. (AC +3)
You are immune to poison.
You resist negative energy. (rN+)
You are resistant to electric shocks. (rElec)
You are resistant to unholy torment.
You are immune to petrification.


Message History

The hobgoblin hits you. The goblin hits you with a +0 dagger.
The goblin closely misses you.
You are too injured to fight recklessly!
You are too injured to fight recklessly!
The goblin attacks as you move away! The goblin hits you but does no damage.
The goblin no longer looks unusually strong.
The goblin hits you with a +0 dagger.
You are too injured to fight recklessly!
You are too injured to fight recklessly!
You puncture the goblin!
You kill the goblin!
The goblin hits you but does no damage.
Your Fighting skill increases to level 3!
You closely miss the hobgoblin.
The hobgoblin hits you but does no damage.
The goblin barely misses you.
Robin roars a battlecry!
The goblins go into a battle-frenzy!
The hobgoblin barely misses you.
You hit the hobgoblin.
You kill the hobgoblin!
The hobgoblin barely misses you. The goblin hits you but does no damage.
You hit the hobgoblin.
The hobgoblin is moderately wounded.
The hobgoblin no longer looks unusually strong.
The goblin no longer looks unusually strong.
The hobgoblin barely misses you. The hobgoblin hits you.
* * * LOW HITPOINT WARNING * * *
Robin throws the goblin at you! The goblin misses you.
Unknown command.
You barely miss the hobgoblin.
The hobgoblin is moderately wounded.
The hobgoblin completely misses you. The hobgoblin closely misses you.
The goblin barely misses you. Robin throws the goblin at you!
The goblin hits you but does no damage.
You closely miss the hobgoblin. The hobgoblin hits you.
* * * LOW HITPOINT WARNING * * *
The goblin barely misses you. The hobgoblin barely misses you.
The goblin hits you with a +0 club.
You die...

#.# .# #### #.#####.# ...#
#.#>....# ...# #........
...# #........ ...###
#########........ .....
#.....)##..)..... ...#
#....gggg........ .###
#....g@##.!...... ..#
#....g.##........ ..##
#......########## ...#
#......# #..# #......#
#..######.#......#
#)..............##
##)#####.........#
..........######.###########


You could see Robin, 2 hobgoblins and 3 goblins.

Vanquished Creatures
  A gnoll (D:1)
  An adder (D:2)
  An endoplasm (D:1)
  6 giant cockroaches (D:1)
  12 goblins
  4 hobgoblins
  2 kobolds (D:1)
  4 quokkas (D:1)
  2 ball pythons (D:1)
  2 bats
  3 frilled lizards
  A rat (D:1)
39 creatures vanquished.

Vanquished Creatures (others)
  10 plants (D:1)
10 creatures vanquished.

Grand Total: 49 creatures vanquished

Notes
Turn   | Place    | Note
-------+----------+-------------------------------------------
     0 | D:1      | Kel the Gargoyle Gladiator began the quest for the Orb.
     0 | D:1      | Reached XP level 1. HP: 12/12 MP: 1/1
    80 | D:1      | Reached XP level 2. HP: 12/18 MP: 2/2
   193 | D:1      | Reached XP level 3. HP: 22/22 MP: 3/3
  1334 | D:2      | Reached XP level 4. HP: 27/27 MP: 4/4
  1377 | D:2      | Noticed Robin
  1397 | D:2      | Slain by a goblin

Illustrated notes

Levels and vault maps discovered:
D:1:      mrwooster_arrival_statue, layout_loops_corners, nicolae_grassy_gnolls
D:2:      layout_basic, serial_curves, eino_curves_03, eino_curves_01,
          uniq_terence, uniq_robin

Skill      XL: |  1  2  3  4 |
---------------+-------------+-----
Throwing       | 2 |  2.4
Polearms       | 3 |  3.2
Fighting       | 3 |  3.0
Dodging        | |  2.9

Action                     |  1- 3 |  4- 6 || total
---------------------------+-------+-------++-------
  Melee: Trident           |   105 |    17 ||   122
 Armour: Leather armour    |    24 |       ||    24
         Scale mail        |     1 |    19 ||    20
  Dodge: Dodged            |    45 |    17 ||    62

Table legend: (Time is in decaauts)
 A = Elapsed time spent in this place.
 B = Non-inter-level travel time spent in this place.
 C = Inter-level travel time spent in this place.
 D = Time resting spent in this place.
 E = Time spent auto-exploring this place.
 F = Levels seen in this place.
 G = Mean time per level.
                   A        B        C        D        E       F      G
               +--------+--------+--------+--------+--------+-----+--------+
         Total |   1415 |   1401 |     14 |     57 |   1105 |   2 |  707.5 |
       Dungeon |   1415 |   1401 |     14 |     57 |   1105 |   2 |  707.5 |
               +--------+--------+--------+--------+--------+-----+--------+

Top non-repeatable levels by time:
     D:1: 1079 daAuts
     D:2: 335 daAuts
